 Dungeon Crawl Stone Soup version 0.30.1-6-gbe392663c4 (webtiles) character file.

Game seed: 3338925093736258780

70 Ivernyr the Slasher (level 4, -2/23 HPs)
             Began as a Vine Stalker Gladiator on Sept 21, 2023.
             Slain by an iguana (10 damage)
             ... on level 2 of the Dungeon.
             The game lasted 00:02:57 (1735 turns).

Ivernyr the Slasher (Vine Stalker Gladiator)        Turns: 1735, Time: 00:02:57

Health: -2/23      AC:  4    Str: 17    XL:     4   Next: 22%
Magic:  0/5        EV: 12    Int:  8    God:
Gold:   145        SH:  0    Dex: 17    Spells: 3/3 levels left

rFire   . . .        a - +0 long sword
rCold   . . .        (no shield)
rNeg    . . .        b - +0 leather armour
rPois   .            c - +0 helmet
rElec   .            (no cloak)
rCorr   .            (no gloves)
SInv    .            (no boots)
Will    .....        (no amulet)
Stlth   +            (no ring)
HPRegen 1.03/turn    (no ring)
MPRegen 0.09/turn

%: guardian spirit
@: no status effects
A: fangs 2, regeneration 1, magic shield, antimagic bite, no potion heal 2
a: no special abilities


You were on level 2 of the Dungeon.
You visited 1 branch of the dungeon, and saw 3 of its levels.

You collected 145 gold pieces.

Inventory:

Hand Weapons
 a - a +0 long sword (weapon)
Missiles
 d - 3 throwing nets (quivered)
 e - a javelin
Armour
 b - a +0 leather armour (worn)
 c - a +0 helmet (worn)
Jewellery
 l - a ring of resist corrosion
Scrolls
 f - a scroll of vulnerability {unknown}
 h - 3 scrolls of identify {unknown}
 m - a scroll of fog {unknown}
 p - a scroll of noise {unknown}
Potions
 g - a potion of mutation {unknown}
 i - a potion of resistance {unknown}
 j - 2 potions of curing {unknown}
 k - a potion of heal wounds {unknown}
 n - 3 potions of haste {unknown}
 o - a potion of cancellation {unknown}


   Skills:
 + Level 2.3 Fighting
 * Level 3.5 Long Blades
 - Level 1.7 Throwing
 + Level 1.1 Armour
 + Level 2.8 Dodging


You had 3 spell levels left.
You didn't know any spells.
Your spell library was empty.

Dungeon Overview and Level Annotations

Branches:
Dungeon (3/15)

Altars:
Kikubaaqudgha


Innate Abilities, Weirdness & Mutations

You have extremely sharp teeth.
Your natural rate of healing is unusually fast.
When hurt, damage is shared between your health and your magic reserves.
Your bite disrupts and absorbs the magic of your enemies.
Potions cannot restore your health.


Message History

You are no longer poisoned.
The adder bites you but does no damage. The adder closely misses you.
There is a stone staircase leading up here.
The adder closely misses you. The adder attacks as you move away!
The adder barely misses you. The adder closely misses you.
The adder closely misses you. The iguana bites you!
The adder closely misses you. The iguana attacks as you move away!
The iguana bites you!
* * * LOW HITPOINT WARNING * * *
The iguana attacks as you move away!
The iguana bites you but does no damage.
The iguana attacks as you move away! The iguana bites you.
* * * LOW HITPOINT WARNING * * *
You see here a +0 dagger.
The iguana attacks as you move away! The iguana misses you.
The iguana bites you!
* * * LOW HITPOINT WARNING * * *
There is a stone staircase leading up here.
The iguana barely misses you.
You climb upwards.
There is a stone staircase leading down here.
The iguana barely misses you. The iguana bites you!
The iguana attacks as you move away! The iguana bites you.
* * * LOW HITPOINT WARNING * * *
The iguana attacks as you move away! The iguana misses you.
The iguana attacks as you move away! The iguana bites you.
* * * LOW HITPOINT WARNING * * *
The iguana attacks as you move away! The iguana closely misses you.
The iguana attacks as you move away! The iguana barely misses you.
The iguana attacks as you move away! The iguana bites you!
* * * LOW HITPOINT WARNING * * *
The iguana attacks as you move away! The iguana misses you.
The iguana attacks as you move away! The iguana closely misses you.
The iguana attacks as you move away! The iguana bites you!
The iguana attacks as you move away! The iguana bites you!
* * * LOW HITPOINT WARNING * * *
The iguana attacks as you move away! The iguana bites you!
You die...

##########......#+#+#.#.....###.#
....# #.####.......#.......#..
....######.####.......#..........
....##........#..................
....''........#..................
....##...................#.>.....
######...........<...............
.......####.............#....###.
.........##...#.@l...........###.
.........##...#................#.
............###................#.
.......##...###................#.
.......#...........######......##
.......#...........# #...#....
.......#...(....#+## ####...#....
.#.....#........#.# #......#....
.#.<...#........#.####...........


You could see an iguana.

Vanquished Creatures
  2 adders
  A worm (D:2)
  2 dart slugs
  4 ball pythons
  3 bats
  5 endoplasms
  3 giant cockroaches
  3 goblins
  4 hobgoblins
  5 quokkas
  2 frilled lizards
  4 kobolds
  3 rats
41 creatures vanquished.

Notes
Turn   | Place    | Note
-------+----------+-------------------------------------------
     0 | D:1      | Ivernyr the Vine Stalker Gladiator began the quest for the
                  | Orb.
     0 | D:1      | Reached XP level 1. HP: 11/11 MP: 2/2
   177 | D:1      | Reached XP level 2. HP: 13/15 MP: 3/3
   242 | D:1      | Reached skill level 3 in Long Blades
   548 | D:1      | Reached XP level 3. HP: 18/18 MP: 4/4
  1205 | D:2      | Found a faded altar of an unknown god.
  1379 | D:2      | Reached skill level 1 in Armour
  1458 | D:2      | Gained mutation: Your natural rate of healing is unusually
                  | fast. [Vine Stalker growth]
  1458 | D:2      | Reached XP level 4. HP: 22/23 MP: 3/5
  1642 | D:3      | Found an ancient bone altar of Kikubaaqudgha.
  1735 | D:2      | Slain by an iguana

Illustrated notes

Levels and vault maps discovered:
D:1:      dpeg_arrival_line_fractal, layout_basic, chequers_serial_rivers_marsh,
          chequers_serial_rivers_marsh
D:2:      layout_basic, hellmonk_ecumenical_altar_crossroads
D:3:      layout_basic, nicolae_kikubaaqudgha_miasma_corner, serial_shops,
          nicolae_shop_statue_plus, uniq_ijyb

Skill      XL: |  1  2  3 |
---------------+----------+-----
Fighting       | 2 |  2.3
Long Blades    | 3 |  3.5
Armour         | 1 |  1.1
Throwing       | |  1.7
Dodging        | |  2.8

Action                     |  1- 3 |  4- 6 || total
---------------------------+-------+-------++-------
  Melee: Long sword        |    83 |    25 ||   108
         Bite              |    23 |     5 ||    28
 Armour: Leather armour    |    20 |    10 ||    30
  Dodge: Dodged            |    41 |    34 ||    75
